Lightning vs Maple Leafs
(R1)
Created - October 27, 2018 at 22:48
Goals
|
Lightning |
1 |
0 |
3 |
4 |
Maple Leafs |
0 |
0 |
2 |
2 |
|
Shots
|
Lightning |
11 |
10 |
15 |
36 |
Maple Leafs |
10 |
6 |
6 |
22 |
|
1st period
1. Lightning , Jordan Nolan 3 (Gabriel Landeskog 2) at 12:27
Penalties :
Ben Smith (Tor) for Charging (Minor) at 10:08, John Carlson (TB.) for Roughing (Minor) at 13:02
2nd period
No Goal
Penalties :
Danny Richmond (TB.) for Head-butting (Major / Game Misconduct) at 1:39, Sheldon Keefe (TB.) for Slashing (Minor) at 11:45, Tobias Enstrom (Tor) for Tripping (Minor) at 18:43
3rd period
2. Maple Leafs , Jeremy Morin 1 (Zac Dalpe 1, Tobias Enstrom 7) at 1:54
3. Lightning , Gabriel Landeskog 1 (John Carlson 4, Jeff Schultz 3) at 2:08
4. Lightning , Jordan Nolan 4 (Unassisted) at 8:24 (PP)
5. Maple Leafs , Artemi Panarin 4 (Claude Giroux 8, Jordan Staal 6) at 9:40 (PP)
6. Lightning , John Carlson 2 (Jeff Schultz 4, Sheldon Keefe 1) at 12:43
Penalties :
Kris Versteeg (TB.) for Hooking (Minor) at 2:45, Gilbert Brule (Tor) for Hooking (Minor) at 6:47, Robert Nilsson (TB.) for High sticking (Minor) at 9:37, Artemi Panarin (Tor) for Interference (Minor) at 12:56
Goalie Stats
Jaroslav Halak (TB.), 20 saves from 22 shots - (0.909), W, 3-1-0, 60:00 minutes
Marc-André Fleury (Tor), 32 saves from 36 shots - (0.889), L, 1-4-0, 60:00 minutes
Players Stats for Lightning
Player Name G A P +/- PIM S H SB GA TA FO MP PP MP PK MP
------------------------------------------------------------------------------------
Andy Rogers 0 0 0 0 0 0 2 1 0 0 0/0 20:14 1:52 6:07
Daniel Carcillo 0 0 0 0 0 2 0 1 0 0 0/0 12:38 0:00 2:12
Danny Richmond 0 0 0 1 15 0 2 0 0 0 0/0 8:18 1:12 0:47
Gabriel Landeskog 1 1 2 2 0 1 1 0 1 1 2/3 22:15 2:41 5:28
Henrik Zetterberg 0 0 0 0 0 1 2 0 0 0 0/1 14:32 4:53 0:00
Jan Bulis 0 0 0 0 0 0 0 0 0 0 5/5 8:17 0:00 0:07
Jeff Schultz 0 2 2 2 0 2 2 2 0 1 0/0 27:31 3:04 5:59
John Carlson 1 1 2 1 2 5 4 2 0 1 0/0 26:12 4:30 3:40
Jordan Nolan 2 0 2 1 0 4 1 1 0 0 5/8 16:23 2:41 3:30
Justin Schultz 0 0 0 0 0 1 0 0 0 1 0/0 21:49 4:30 4:11
Kris Versteeg 0 0 0 1 2 4 3 0 0 0 2/2 18:27 4:53 0:00
Kurt Sauer 0 0 0 0 0 0 0 0 0 0 0/0 15:01 0:00 1:14
Mikael Backlund 0 0 0 0 0 2 2 0 1 0 3/6 9:04 0:00 0:00
Pierre-Luc Létourneau 0 0 0 0 0 0 2 0 0 0 0/0 8:30 0:00 0:00
Reilly Smith 0 0 0 1 0 1 1 0 0 0 0/0 16:37 2:40 2:37
Robert Nilsson 0 0 0 1 2 10 1 0 0 0 17/36 22:56 4:53 5:25
Sheldon Keefe 0 1 1 0 2 2 2 0 0 0 0/0 11:07 0:00 2:39
Steve Bernier 0 0 0 0 0 1 0 0 0 0 0/0 9:04 0:00 0:00
Players Stats for Maple Leafs
Player Name G A P +/- PIM S H SB GA TA FO MP PP MP PK MP
------------------------------------------------------------------------------------
Alex Killorn 0 0 0 0 0 2 0 1 0 0 0/0 12:07 0:54 0:00
Artemi Panarin 1 0 1 -1 2 4 2 0 0 0 1/1 19:01 5:13 1:15
Ben Smith 0 0 0 -1 2 1 1 0 1 0 0/0 14:58 4:52 0:00
Blake Comeau 0 0 0 0 0 2 2 1 0 0 1/1 12:53 0:34 1:08
Braydon Coburn 0 0 0 -1 0 1 2 2 0 1 0/0 26:11 3:27 5:26
Claude Giroux 0 1 1 -2 0 3 4 1 0 0 7/12 23:58 5:20 5:31
Eric Nystrom 0 0 0 0 0 0 1 0 0 0 0/0 8:35 1:04 0:09
Fabian Brunnstrom 0 0 0 0 0 0 1 0 0 1 0/1 14:39 4:52 0:00
Gilbert Brule 0 0 0 0 2 0 1 0 0 0 4/7 16:08 4:52 1:28
Jeremy Morin 1 0 1 0 0 2 1 1 0 0 0/0 7:17 0:00 0:00
John Klingberg 0 0 0 -1 0 2 0 4 0 0 0/0 20:18 6:56 0:00
Jordan Staal 0 1 1 -2 0 0 2 0 0 0 12/30 23:54 5:16 5:31
Marc-Édouard Vlasic 0 0 0 -1 0 0 1 4 0 0 0/0 18:21 3:27 0:00
Mark Scheifele 0 0 0 0 0 1 1 0 0 0 2/5 11:20 0:00 0:06
Ryan Parent 0 0 0 0 0 0 0 0 1 0 0/0 13:31 0:36 2:08
Taylor Chorney 0 0 0 -1 0 0 1 1 1 0 0/0 17:30 0:00 5:26
Tobias Enstrom 0 1 1 0 2 3 2 2 1 0 0/0 24:24 7:32 2:08
Zac Dalpe 0 1 1 0 0 1 0 1 0 0 0/4 7:17 0:00 0:00
3 Stars
1 - Jordan Nolan (TB.)
2 - Gabriel Landeskog (TB.)
3 - John Carlson (TB.)
Power Play
Lightning - 1 on 4 Attempt(s) - 25.00%
Maple Leafs - 1 on 6 Attempt(s) - 16.67%
Penalty Kill
Lightning - 5 on 6 Attempt(s) - 83.33%
- Score 0 goal in Penalty Kill
Maple Leafs - 3 on 4 Attempt(s) - 75.00%
- Score 0 goal in Penalty Kill
Team Stat
Lightning - Hits : 25 - Faceoff Wins : 34 - Blocked Shots : 7 - Penalty Minutes : 23
Maple Leafs - Hits : 22 - Faceoff Wins : 27 - Blocked Shots : 18 - Penalty Minutes : 8
Official
Referees : Unknown
Linesman : Unknown
Game Notes
Danny Richmond ejected from game at 1:39 of 2nd period
Danny Richmond from Lightning is suspended for 1 game(s)
8:24 of 3rd period - Penalty Shot by Jordan Nolan for Lightning - Goal!
10:59 of 3rd period - Lightning goal is going for a video replay. After video review, No Goal. The puck has entered the net after making contact with an attacking player’s stick that is above the height of the crossbar.
Finance
Level 1 -- Attendance: 6000 (100.00%) -- Ticket Income $540,000
Level 2 -- Attendance: 4879 (97.58%) -- Ticket Income $268,345
Level 3 -- Attendance: 2000 (100.00%) -- Ticket Income $72,000
Level 4 -- Attendance: 4000 (100.00%) -- Ticket Income $100,000
Luxury Box -- Attendance: 924 (92.40%) -- Ticket Income $143,220
Game was played at the Maple Leafs Garden.
Total Attendance: 17803 (98.91%)
Total Ticket Income: $1,123,565
Other Income: $168,535
Total Income: $1,292,100
Lightning
5 vs 5 Forward
Center Left Wing Right Wing Time % Phy DF OF
1 Robert Nilsson Gabriel Landeskog Kris Versteeg 40 1 2 2
2 Jordan Nolan Henrik Zetterberg Reilly Smith 30 1 2 2
3 Mikael Backlund Daniel Carcillo Steve Bernier 20 1 2 2
4 Jan Bulis Pierre-Luc Létourneau Sheldon Keefe 10 1 2 2
5 vs 5 Defense
Defense Defense Time % Phy DF OF
1 Jeff Schultz John Carlson 40 1 2 2
2 Justin Schultz Danny Richmond 30 1 2 2
3 Andy Rogers Kurt Sauer 20 1 2 2
4 Jeff Schultz John Carlson 10 1 2 2
PowerPlay Forward
Center Left Wing Right Wing Time % Phy DF OF
1 Robert Nilsson Henrik Zetterberg Kris Versteeg 60 1 2 2
2 Jordan Nolan Gabriel Landeskog Reilly Smith 40 1 2 2
PowerPlay Defense
Defense Defense Time % Phy DF OF
1 Justin Schultz John Carlson 60 1 2 2
2 Jeff Schultz Danny Richmond 40 1 2 2
Penalty Kill 4 Players Forward
Center Wing Time % Phy DF OF
1 Robert Nilsson Gabriel Landeskog 60 1 2 2
2 Jordan Nolan Sheldon Keefe 40 1 2 2
Penalty Kill 4 Players Defense
Defense Defense Time % Phy DF OF
1 Jeff Schultz Andy Rogers 60 1 2 2
2 John Carlson Danny Richmond 40 1 2 2
Penalty Kill - 3 Players Forward
Forward Time % Phy DF OF
1 Gabriel Landeskog 60 1 2 2
2 Sheldon Keefe 40 1 2 2
Penalty Kill - 3 Players Defense
Defense Defense Time % Phy DF OF
1 Jeff Schultz Andy Rogers 60 1 2 2
2 John Carlson Danny Richmond 40 1 2 2
4 vs 4 Forward
Center Wing Time % Phy DF OF
1 Robert Nilsson Kris Versteeg 60 1 2 2
2 Jordan Nolan Henrik Zetterberg 40 1 2 2
4 vs 4 Defense
Defense Defense Time % Phy DF OF
1 Jeff Schultz John Carlson 60 1 2 2
2 Andy Rogers Danny Richmond 40 1 2 2
Last Minutes Offensive
Center Left Wing Right Wing Defense Defense
Robert Nilsson Henrik Zetterberg Kris Versteeg Jeff Schultz John Carlson
Last Minutes Defensive
Center Left Wing Right Wing Defense Defense
Robert Nilsson Henrik Zetterberg Kris Versteeg Jeff Schultz John Carlson
Goaltenders
Starting : Jaroslav Halak
Backup : Adam Munro
Extra Forwards
Normal : Pierre-Luc Létourneau, Gabriel Landeskog, Reilly Smith - PP : Pierre-Luc Létourneau, Gabriel Landeskog - PK : Reilly Smith
Extra Defensemen
Normal : Justin Schultz, Kurt Sauer, Andy Rogers - PP : Justin Schultz - PK : Justin Schultz, Andy Rogers
Penalty Shots
Robert Nilsson, Kris Versteeg, Henrik Zetterberg, Jordan Nolan, Daniel Carcillo
Scratches
None
Maple Leafs
5 vs 5 Forward
Center Left Wing Right Wing Time % Phy DF OF
1 Jordan Staal Artemi Panarin Claude Giroux 40 1 2 2
2 Gilbert Brule Fabian Brunnstrom Ben Smith 30 1 2 2
3 Mark Scheifele Alex Killorn Blake Comeau 20 1 2 2
4 Zac Dalpe Eric Nystrom Jeremy Morin 10 1 2 2
5 vs 5 Defense
Defense Defense Time % Phy DF OF
1 Tobias Enstrom Braydon Coburn 40 1 2 2
2 John Klingberg Marc-Édouard Vlasic 30 1 2 2
3 Taylor Chorney Ryan Parent 20 1 2 2
4 Tobias Enstrom Braydon Coburn 10 1 2 2
PowerPlay Forward
Center Left Wing Right Wing Time % Phy DF OF
1 Jordan Staal Artemi Panarin Claude Giroux 60 1 2 2
2 Gilbert Brule Fabian Brunnstrom Ben Smith 40 1 2 2
PowerPlay Defense
Defense Defense Time % Phy DF OF
1 Tobias Enstrom John Klingberg 60 1 2 2
2 Marc-Édouard Vlasic Braydon Coburn 40 1 2 2
Penalty Kill 4 Players Forward
Center Wing Time % Phy DF OF
1 Claude Giroux Jordan Staal 60 1 2 2
2 Gilbert Brule Artemi Panarin 40 1 2 2
Penalty Kill 4 Players Defense
Defense Defense Time % Phy DF OF
1 Taylor Chorney Braydon Coburn 60 1 2 2
2 Tobias Enstrom Ryan Parent 40 1 2 2
Penalty Kill - 3 Players Forward
Forward Time % Phy DF OF
1 Claude Giroux 60 1 2 2
2 Jordan Staal 40 1 2 2
Penalty Kill - 3 Players Defense
Defense Defense Time % Phy DF OF
1 Taylor Chorney Braydon Coburn 60 1 2 2
2 Tobias Enstrom Ryan Parent 40 1 2 2
4 vs 4 Forward
Center Wing Time % Phy DF OF
1 Claude Giroux Jordan Staal 60 1 2 2
2 Gilbert Brule Artemi Panarin 40 1 2 2
4 vs 4 Defense
Defense Defense Time % Phy DF OF
1 Tobias Enstrom Braydon Coburn 60 1 2 2
2 Taylor Chorney Ryan Parent 40 1 2 2
Last Minutes Offensive
Center Left Wing Right Wing Defense Defense
Jordan Staal Artemi Panarin Claude Giroux Tobias Enstrom John Klingberg
Last Minutes Defensive
Center Left Wing Right Wing Defense Defense
Jordan Staal Artemi Panarin Claude Giroux Taylor Chorney Braydon Coburn
Goaltenders
Starting : Marc-André Fleury
Backup : Thomas McCollum
Extra Forwards
Normal : Eric Nystrom, Alex Killorn, Blake Comeau - PP : Eric Nystrom, Alex Killorn - PK : Blake Comeau
Extra Defensemen
Normal : Marc-Édouard Vlasic, John Klingberg, Taylor Chorney - PP : Marc-Édouard Vlasic - PK : John Klingberg, Taylor Chorney
Penalty Shots
Claude Giroux, Jordan Staal, Gilbert Brule, Artemi Panarin, Fabian Brunnstrom
Scratches
None
% Time on Ice - Lightning
Lines # - Real PCT - Wanted PCT - Time Play
Normal Forward
1 - 33% - 40% - 13:48
2 - 26% - 30% - 10:56
3 - 22% - 20% - 9:04
4 - 18% - 10% - 7:39
Normal Defense
1 - 39% - 40% - 16:03
2 - 38% - 30% - 15:52
3 - 20% - 20% - 8:21
4 - 3% - 10% - 1:11
PP Forward
1 - 65% - 60% - 4:53
2 - 35% - 40% - 2:41
PP Defense
1 - 59% - 60% - 4:30
2 - 41% - 40% - 3:04
PK Forward
1 - 69% - 60% - 7:33
2 - 31% - 40% - 3:26
PK Defense
1 - 46% - 60% - 5:04
2 - 54% - 40% - 5:55
PK3 Forward
1 - 0% - 60%
2 - 0% - 40%
PK3 Defense
1 - 0% - 60%
2 - 0% - 40%
44 Forward
1 - 0% - 60%
2 - 0% - 40%
44 Defense
1 - 0% - 60%
2 - 0% - 40%
Last Minute Offensive - 0:00
Last Minute Defensive - 0:00
Total
Forward - 60:00
Defense - 60:00
|
% Time on Ice - Maple Leafs
Lines # - Real PCT - Wanted PCT - Time Play
Normal Forward
1 - 32% - 40% - 13:10
2 - 24% - 30% - 9:49
3 - 27% - 20% - 11:11
4 - 18% - 10% - 7:17
Normal Defense
1 - 40% - 40% - 16:32
2 - 35% - 30% - 14:22
3 - 25% - 20% - 10:18
4 - 1% - 10% - 0:15
PP Forward
1 - 54% - 60% - 5:58
2 - 46% - 40% - 5:01
PP Defense
1 - 69% - 60% - 7:32
2 - 31% - 40% - 3:27
PK Forward
1 - 74% - 60% - 5:37
2 - 26% - 40% - 1:57
PK Defense
1 - 72% - 60% - 5:26
2 - 28% - 40% - 2:08
PK3 Forward
1 - 0% - 60%
2 - 0% - 40%
PK3 Defense
1 - 0% - 60%
2 - 0% - 40%
44 Forward
1 - 0% - 60%
2 - 0% - 40%
44 Defense
1 - 0% - 60%
2 - 0% - 40%
Last Minute Offensive - 0:00
Last Minute Defensive - 0:00
Total
Forward - 60:00
Defense - 60:00
|
Play by Play
1st period
0:01 of 1st period - Robert Nilsson wins face-off versus Jordan Staal in neutral zone.
0:04 of 1st period - Slapshot by John Carlson.
0:04 of 1st period - Shot Misses the Net.
0:08 of 1st period - Wrist shot by Robert Nilsson.
0:08 of 1st period - Stopped by Marc-André Fleury with a rebound.
0:16 of 1st period - John Carlson is hit by Claude Giroux and loses puck.
0:37 of 1st period - Wrist shot by Tobias Enstrom.
0:37 of 1st period - Stopped by Jaroslav Halak with a rebound.
0:39 of 1st period - Slapshot by Braydon Coburn.
0:39 of 1st period - Deflect By Ben Smith.
0:39 of 1st period - Stopped by Jaroslav Halak without a rebound.
0:40 of 1st period - Mark Scheifele wins face-off versus Mikael Backlund in Lightning zone.
0:43 of 1st period - Wrist shot by Blake Comeau.
0:43 of 1st period - Stopped by Jaroslav Halak without a rebound.
0:44 of 1st period - Mikael Backlund wins face-off versus Mark Scheifele in Lightning zone.
1:15 of 1st period - Backhand shot by John Klingberg.
1:15 of 1st period - Stopped by Jaroslav Halak with a rebound.
1:33 of 1st period - Snap shot by Gilbert Brule.
1:33 of 1st period - Shot Misses the Net.
1:51 of 1st period - Artemi Panarin is hit by Henrik Zetterberg and loses puck.
2:30 of 1st period - Daniel Carcillo is hit by Jeremy Morin and loses puck.
2:41 of 1st period - Slapshot by Tobias Enstrom.
2:41 of 1st period - Shot Misses the Net.
3:17 of 1st period - Reilly Smith is hit by Taylor Chorney and loses puck.
3:38 of 1st period - Danny Richmond is hit by Blake Comeau and loses puck.
4:09 of 1st period - Snap shot by Zac Dalpe.
4:09 of 1st period - Shot Misses the Net.
4:11 of 1st period - Slapshot by Taylor Chorney.
4:11 of 1st period - Deflect By Jeremy Morin.
4:11 of 1st period - Stopped by Jaroslav Halak without a rebound.
4:12 of 1st period - Artemi Panarin wins face-off versus Robert Nilsson in Lightning zone.
4:31 of 1st period - Artemi Panarin is hit by Robert Nilsson and loses puck.
5:19 of 1st period - Snap shot by Daniel Carcillo.
5:19 of 1st period - Stopped by Marc-André Fleury with a rebound.
5:55 of 1st period - Slapshot by Robert Nilsson.
5:55 of 1st period - Stopped by Marc-André Fleury without a rebound.
5:56 of 1st period - Jordan Staal wins face-off versus Robert Nilsson in Maple Leafs zone.
6:05 of 1st period - Andy Rogers is hit by Artemi Panarin and loses puck.
6:22 of 1st period - Gabriel Landeskog is hit by Blake Comeau.
7:10 of 1st period - Slapshot by Tobias Enstrom.
7:10 of 1st period - Stopped by Jaroslav Halak with a rebound.
7:12 of 1st period - Snap shot by Braydon Coburn.
7:12 of 1st period - Shot Blocked by Daniel Carcillo.
8:27 of 1st period - Backhand shot by Kris Versteeg.
8:27 of 1st period - Shot Misses the Net.
8:31 of 1st period - Wrist shot by Robert Nilsson.
8:31 of 1st period - Stopped by Marc-André Fleury with a rebound.
9:00 of 1st period - Icing by Ryan Parent.
9:01 of 1st period - Blake Comeau wins face-off versus Jordan Nolan in Maple Leafs zone.
9:01 of 1st period - Blake Comeau is hit by Reilly Smith.
10:00 of 1st period - Snap shot by Mikael Backlund.
10:00 of 1st period - Shot Misses the Net.
10:02 of 1st period - Snap shot by Daniel Carcillo.
10:02 of 1st period - Stopped by Marc-André Fleury with a rebound.
10:08 of 1st period - Minor Penalty to Ben Smith for Charging.
10:09 of 1st period - Robert Nilsson wins face-off versus Claude Giroux in Maple Leafs zone.
11:01 of 1st period - Off-side.
11:02 of 1st period - Robert Nilsson wins face-off versus Claude Giroux in neutral zone.
11:05 of 1st period - Ryan Parent is hit by Kris Versteeg and loses puck.
11:18 of 1st period - Snap shot by Robert Nilsson.
11:18 of 1st period - Stopped by Marc-André Fleury without a rebound.
11:19 of 1st period - Gilbert Brule wins face-off versus Henrik Zetterberg in Maple Leafs zone.
11:19 of 1st period - Gilbert Brule is hit by Danny Richmond.
11:24 of 1st period - Braydon Coburn is hit by Jeff Schultz and loses puck.
11:55 of 1st period - Icing by Danny Richmond.
11:56 of 1st period - Jordan Nolan wins face-off versus Claude Giroux in Lightning zone.
12:08 of 1st period - Penalty to Ben Smith is over, Ben Smith is back on ice.
12:27 of 1st period - Snap shot by Jordan Nolan.
12:27 of 1st period - Goal by Jordan Nolan - Lightning : 1 - Maple Leafs : 0.
12:28 of 1st period - Robert Nilsson wins face-off versus Jordan Staal in neutral zone.
12:41 of 1st period - Snap shot by Claude Giroux.
12:41 of 1st period - Stopped by Jaroslav Halak without a rebound.
12:42 of 1st period - Robert Nilsson wins face-off versus Jordan Staal in Lightning zone.
12:49 of 1st period - Snap shot by Robert Nilsson.
12:49 of 1st period - Stopped by Marc-André Fleury with a rebound.
13:02 of 1st period - Minor Penalty to John Carlson for Roughing.
13:03 of 1st period - Robert Nilsson wins face-off versus Jordan Staal in Lightning zone.
14:30 of 1st period - Slapshot by Claude Giroux.
14:30 of 1st period - Deflect By Artemi Panarin.
14:30 of 1st period - Stopped by Jaroslav Halak with a rebound.
14:32 of 1st period - Wrist shot by Artemi Panarin.
14:32 of 1st period - Stopped by Jaroslav Halak with a rebound.
14:34 of 1st period - Snap shot by Artemi Panarin.
14:34 of 1st period - Shot Misses the Net.
15:02 of 1st period - Penalty to John Carlson is over, John Carlson is back on ice.
15:30 of 1st period - Wrist shot by Alex Killorn.
15:30 of 1st period - Shot Misses the Net.
15:32 of 1st period - Slapshot by Marc-Édouard Vlasic.
15:32 of 1st period - Shot Misses the Net.
16:17 of 1st period - Wrist shot by Robert Nilsson.
16:17 of 1st period - Stopped by Marc-André Fleury without a rebound.
16:18 of 1st period - Gabriel Landeskog wins face-off versus Zac Dalpe in Maple Leafs zone.
16:57 of 1st period - Jeff Schultz is hit by Tobias Enstrom and loses puck.
17:16 of 1st period - Slapshot by Braydon Coburn.
17:16 of 1st period - Shot Misses the Net.
17:39 of 1st period - Slapshot by Zac Dalpe.
17:39 of 1st period - Stopped by Jaroslav Halak without a rebound.
17:40 of 1st period - Jordan Nolan wins face-off versus Jordan Staal in Lightning zone.
18:53 of 1st period - Wrist shot by Jordan Nolan.
18:53 of 1st period - Stopped by Marc-André Fleury with a rebound.
19:15 of 1st period - Blake Comeau is hit by Mikael Backlund and loses puck.
19:44 of 1st period - Snap shot by Sheldon Keefe.
19:44 of 1st period - Stopped by Marc-André Fleury without a rebound.
19:45 of 1st period - Jan Bulis wins face-off versus Jordan Staal in Maple Leafs zone.
Goals for this period are 1 for Lightning vs 0 for Maple Leafs.
Shots for this period are 11 for Lightning vs 10 for Maple Leafs.
2nd period
0:01 of 2nd period - Jordan Staal wins face-off versus Robert Nilsson in neutral zone.
0:08 of 2nd period - John Carlson is hit by Tobias Enstrom and loses puck.
0:27 of 2nd period - Jordan Nolan is hit by Fabian Brunnstrom and loses puck.
0:32 of 2nd period - Snap shot by Gilbert Brule.
0:32 of 2nd period - Shot Blocked by Jordan Nolan.
1:14 of 2nd period - Jordan Staal is hit by Danny Richmond and loses puck.
1:39 of 2nd period - Major / Game Misconduct Penalty to Danny Richmond for Head-butting.
1:39 of 2nd period - Danny Richmond is ejected from game.
1:40 of 2nd period - Jordan Staal wins face-off versus Robert Nilsson in Lightning zone.
1:42 of 2nd period - Snap shot by Jordan Staal.
1:42 of 2nd period - Shot Blocked by Andy Rogers.
1:44 of 2nd period - Slapshot by Tobias Enstrom.
1:44 of 2nd period - Stopped by Jaroslav Halak without a rebound.
1:45 of 2nd period - Robert Nilsson wins face-off versus Jordan Staal in Lightning zone.
2:27 of 2nd period - Snap shot by Gilbert Brule.
2:27 of 2nd period - Shot Misses the Net.
3:03 of 2nd period - Daniel Carcillo is hit by Claude Giroux and loses puck.
3:40 of 2nd period - Daniel Carcillo is hit by Eric Nystrom and loses puck.
3:51 of 2nd period - Snap shot by Alex Killorn.
3:51 of 2nd period - Stopped by Jaroslav Halak without a rebound.
3:52 of 2nd period - Jordan Staal wins face-off versus Robert Nilsson in Lightning zone.
6:11 of 2nd period - Justin Schultz is hit by Claude Giroux and loses puck.
6:29 of 2nd period - Icing by Fabian Brunnstrom.
6:30 of 2nd period - Robert Nilsson wins face-off versus Gilbert Brule in Maple Leafs zone.
6:39 of 2nd period - Penalty to Danny Richmond is over, Reilly Smith is send on ice.
6:58 of 2nd period - Snap shot by Ryan Parent.
6:58 of 2nd period - Deflect By Mark Scheifele.
6:58 of 2nd period - Stopped by Jaroslav Halak with a rebound.
7:10 of 2nd period - Snap shot by Henrik Zetterberg.
7:10 of 2nd period - Stopped by Marc-André Fleury without a rebound.
7:11 of 2nd period - Jordan Nolan wins face-off versus Zac Dalpe in Maple Leafs zone.
7:14 of 2nd period - Snap shot by Reilly Smith.
7:14 of 2nd period - Stopped by Marc-André Fleury without a rebound.
7:15 of 2nd period - Jordan Staal wins face-off versus Robert Nilsson in Maple Leafs zone.
7:24 of 2nd period - Slapshot by Jordan Staal.
7:24 of 2nd period - Shot Misses the Net.
8:05 of 2nd period - Snap shot by Blake Comeau.
8:05 of 2nd period - Stopped by Jaroslav Halak with a rebound.
8:07 of 2nd period - Slapshot by Blake Comeau.
8:07 of 2nd period - Shot Blocked by Jeff Schultz.
8:09 of 2nd period - Slapshot by John Klingberg.
8:09 of 2nd period - Deflect By John Carlson.
8:09 of 2nd period - Stopped by Jaroslav Halak without a rebound.
8:10 of 2nd period - Jordan Staal wins face-off versus Robert Nilsson in Lightning zone.
9:07 of 2nd period - Wrist shot by Mark Scheifele.
9:07 of 2nd period - Shot Misses the Net.
9:43 of 2nd period - Kris Versteeg is hit by Jordan Staal and loses puck.
10:30 of 2nd period - Mikael Backlund is hit by Gilbert Brule and loses puck.
11:01 of 2nd period - Artemi Panarin is hit by Gabriel Landeskog and loses puck.
11:25 of 2nd period - Artemi Panarin is hit by Henrik Zetterberg and loses puck.
11:36 of 2nd period - Jan Bulis is hit by Ben Smith and loses puck.
11:43 of 2nd period - Wrist shot by Ben Smith.
11:43 of 2nd period - Shot Misses the Net.
11:45 of 2nd period - Minor Penalty to Sheldon Keefe for Slashing.
11:46 of 2nd period - Gabriel Landeskog wins face-off versus Fabian Brunnstrom in Lightning zone.
12:38 of 2nd period - John Carlson is hit by Claude Giroux.
13:41 of 2nd period - Gilbert Brule is hit by Andy Rogers and loses puck.
13:45 of 2nd period - Penalty to Sheldon Keefe is over, Sheldon Keefe is back on ice.
13:54 of 2nd period - Sheldon Keefe is hit by Braydon Coburn and loses puck.
14:19 of 2nd period - Slapshot by Henrik Zetterberg.
14:19 of 2nd period - Shot Blocked by Blake Comeau.
14:21 of 2nd period - Slapshot by Henrik Zetterberg.
14:21 of 2nd period - Shot Blocked by Alex Killorn.
14:23 of 2nd period - Slapshot by Jordan Nolan.
14:23 of 2nd period - Stopped by Marc-André Fleury with a rebound.
15:06 of 2nd period - Snap shot by Mikael Backlund.
15:06 of 2nd period - Stopped by Marc-André Fleury without a rebound.
15:07 of 2nd period - Gilbert Brule wins face-off versus Mikael Backlund in Maple Leafs zone.
15:12 of 2nd period - Slapshot by John Carlson.
15:12 of 2nd period - Stopped by Marc-André Fleury without a rebound.
15:13 of 2nd period - Kris Versteeg wins face-off versus Jordan Staal in Maple Leafs zone.
15:14 of 2nd period - Slapshot by John Carlson.
15:14 of 2nd period - Shot Misses the Net.
15:32 of 2nd period - Artemi Panarin is hit by John Carlson and loses puck.
15:49 of 2nd period - Wrist shot by Mark Scheifele.
15:49 of 2nd period - Deflect By Kris Versteeg.
15:49 of 2nd period - Shot Misses the Net.
15:49 of 2nd period - Puck is out of play.
15:50 of 2nd period - Mark Scheifele wins face-off versus Jordan Nolan in Lightning zone.
15:59 of 2nd period - Tobias Enstrom is hit by Andy Rogers and loses puck.
16:06 of 2nd period - Snap shot by Jordan Nolan.
16:06 of 2nd period - Stopped by Marc-André Fleury with a rebound.
16:38 of 2nd period - Snap shot by John Carlson.
16:38 of 2nd period - Stopped by Marc-André Fleury without a rebound.
16:39 of 2nd period - Gilbert Brule wins face-off versus Robert Nilsson in Maple Leafs zone.
17:06 of 2nd period - Jordan Nolan is hit by Jordan Staal and loses puck.
17:54 of 2nd period - Slapshot by Justin Schultz.
17:54 of 2nd period - Shot Blocked by Tobias Enstrom.
17:56 of 2nd period - Slapshot by Pierre-Luc Létourneau.
17:56 of 2nd period - Shot Blocked by Zac Dalpe.
18:27 of 2nd period - Icing by Jeff Schultz.
18:28 of 2nd period - Jordan Nolan wins face-off versus Jordan Staal in Lightning zone.
18:37 of 2nd period - Snap shot by Robert Nilsson.
18:37 of 2nd period - Shot Misses the Net.
18:39 of 2nd period - Slapshot by Robert Nilsson.
18:39 of 2nd period - Stopped by Marc-André Fleury without a rebound.
18:40 of 2nd period - Jordan Staal wins face-off versus Robert Nilsson in Maple Leafs zone.
18:40 of 2nd period - Jordan Staal is hit by Kris Versteeg.
18:43 of 2nd period - Minor Penalty to Tobias Enstrom for Tripping.
18:44 of 2nd period - Claude Giroux wins face-off versus Robert Nilsson in Maple Leafs zone.
18:50 of 2nd period - Snap shot by Claude Giroux.
18:50 of 2nd period - Stopped by Jaroslav Halak without a rebound.
18:51 of 2nd period - Claude Giroux wins face-off versus Robert Nilsson in Lightning zone.
18:52 of 2nd period - Snap shot by Jordan Staal.
18:52 of 2nd period - Deflect By Claude Giroux.
18:52 of 2nd period - Shot Blocked by John Carlson.
18:52 of 2nd period - Puck is out of play.
18:53 of 2nd period - Claude Giroux wins face-off versus Robert Nilsson in Lightning zone.
19:22 of 2nd period - Wrist shot by Kris Versteeg.
19:22 of 2nd period - Stopped by Marc-André Fleury with a rebound.
19:24 of 2nd period - Slapshot by John Carlson.
19:24 of 2nd period - Shot Blocked by Taylor Chorney.
19:26 of 2nd period - Snap shot by Henrik Zetterberg.
19:26 of 2nd period - Shot Misses the Net.
19:28 of 2nd period - Wrist shot by Henrik Zetterberg.
19:28 of 2nd period - Shot Misses the Net.
19:30 of 2nd period - Slapshot by Justin Schultz.
19:30 of 2nd period - Stopped by Marc-André Fleury with a rebound.
19:32 of 2nd period - Slapshot by Kris Versteeg.
19:32 of 2nd period - Shot Misses the Net.
19:48 of 2nd period - Snap shot by Kris Versteeg.
19:48 of 2nd period - Shot Hit the Post.
19:54 of 2nd period - Slapshot by Henrik Zetterberg.
19:54 of 2nd period - Shot Misses the Net.
Goals for this period are 0 for Lightning vs 0 for Maple Leafs.
Shots for this period are 10 for Lightning vs 6 for Maple Leafs.
3rd period
0:01 of 3rd period - Claude Giroux wins face-off versus Robert Nilsson in neutral zone.
0:15 of 3rd period - Snap shot by Robert Nilsson.
0:15 of 3rd period - Stopped by Marc-André Fleury without a rebound.
0:16 of 3rd period - Claude Giroux wins face-off versus Robert Nilsson in Maple Leafs zone.
0:41 of 3rd period - Braydon Coburn is hit by John Carlson and loses puck.
0:43 of 3rd period - Penalty to Tobias Enstrom is over, Tobias Enstrom is back on ice.
1:46 of 3rd period - Tobias Enstrom is hit by John Carlson.
1:54 of 3rd period - Snap shot by Jeremy Morin.
1:54 of 3rd period - Goal by Jeremy Morin - Lightning : 1 - Maple Leafs : 1.
1:55 of 3rd period - Robert Nilsson wins face-off versus Jordan Staal in neutral zone.
2:00 of 3rd period - Wrist shot by Kris Versteeg.
2:00 of 3rd period - Stopped by Marc-André Fleury with a rebound.
2:02 of 3rd period - Slapshot by Jeff Schultz.
2:02 of 3rd period - Shot Blocked by John Klingberg.
2:04 of 3rd period - Slapshot by Jeff Schultz.
2:04 of 3rd period - Stopped by Marc-André Fleury with a rebound.
2:06 of 3rd period - Slapshot by John Carlson.
2:06 of 3rd period - Shot Blocked by Marc-Édouard Vlasic.
2:08 of 3rd period - Wrist shot by Gabriel Landeskog.
2:08 of 3rd period - Goal by Gabriel Landeskog - Lightning : 2 - Maple Leafs : 1.
2:09 of 3rd period - Jordan Staal wins face-off versus Robert Nilsson in neutral zone.
2:14 of 3rd period - Snap shot by Jordan Staal.
2:14 of 3rd period - Shot Blocked by Jeff Schultz.
2:16 of 3rd period - Slapshot by Braydon Coburn.
2:16 of 3rd period - Shot Blocked by John Carlson.
2:18 of 3rd period - Snap shot by Artemi Panarin.
2:18 of 3rd period - Stopped by Jaroslav Halak without a rebound.
2:19 of 3rd period - Robert Nilsson wins face-off versus Jordan Staal in Lightning zone.
2:21 of 3rd period - Icing by Kris Versteeg.
2:22 of 3rd period - Robert Nilsson wins face-off versus Jordan Staal in Lightning zone.
2:22 of 3rd period - Robert Nilsson is hit by Braydon Coburn.
2:45 of 3rd period - Minor Penalty to Kris Versteeg for Hooking.
2:46 of 3rd period - Jordan Staal wins face-off versus Robert Nilsson in Lightning zone.
3:00 of 3rd period - Slapshot by Claude Giroux.
3:00 of 3rd period - Stopped by Jaroslav Halak without a rebound.
3:01 of 3rd period - Jordan Staal wins face-off versus Robert Nilsson in Lightning zone.
3:16 of 3rd period - Snap shot by Robert Nilsson.
3:16 of 3rd period - Stopped by Marc-André Fleury with a rebound.
4:20 of 3rd period - Jordan Staal is hit by Sheldon Keefe and loses puck.
4:45 of 3rd period - Penalty to Kris Versteeg is over, Kris Versteeg is back on ice.
5:48 of 3rd period - Slapshot by John Carlson.
5:48 of 3rd period - Stopped by Marc-André Fleury without a rebound.
5:49 of 3rd period - Jan Bulis wins face-off versus Jordan Staal in Maple Leafs zone.
6:02 of 3rd period - Jordan Staal is hit by Sheldon Keefe and loses puck.
6:34 of 3rd period - Fabian Brunnstrom is hit by Pierre-Luc Létourneau and loses puck.
6:47 of 3rd period - Minor Penalty to Gilbert Brule for Hooking.
6:48 of 3rd period - Robert Nilsson wins face-off versus Claude Giroux in Maple Leafs zone.
6:59 of 3rd period - Wrist shot by Kris Versteeg.
6:59 of 3rd period - Stopped by Marc-André Fleury with a rebound.
7:01 of 3rd period - Slapshot by Jeff Schultz.
7:01 of 3rd period - Shot Misses the Net.
7:03 of 3rd period - Wrist shot by Henrik Zetterberg.
7:03 of 3rd period - Deflect By Taylor Chorney.
7:03 of 3rd period - Shot Blocked by Braydon Coburn.
7:03 of 3rd period - Puck is out of play.
7:04 of 3rd period - Robert Nilsson wins face-off versus Claude Giroux in Maple Leafs zone.
7:29 of 3rd period - Jordan Staal is hit by John Carlson.
7:45 of 3rd period - Ryan Parent is hit by Jeff Schultz and loses puck.
7:56 of 3rd period - Jeff Schultz is hit by Artemi Panarin and loses puck.
8:24 of 3rd period - Penalty Shot by Jordan Nolan for Lightning .
8:24 of 3rd period - Wrist shot by Jordan Nolan.
8:24 of 3rd period - Goal by Jordan Nolan - Lightning : 3 - Maple Leafs : 1.
8:25 of 3rd period - Robert Nilsson wins face-off versus Gilbert Brule in neutral zone.
8:26 of 3rd period - Robert Nilsson wins face-off versus Jordan Staal in Lightning zone.
9:16 of 3rd period - Icing by John Carlson.
9:17 of 3rd period - Jordan Nolan wins face-off versus Mark Scheifele in Lightning zone.
9:37 of 3rd period - Minor Penalty to Robert Nilsson for High sticking.
9:38 of 3rd period - Jordan Staal wins face-off versus Gabriel Landeskog in Lightning zone.
9:38 of 3rd period - Wrist shot by Claude Giroux.
9:38 of 3rd period - Shot Misses the Net.
9:40 of 3rd period - Wrist shot by Artemi Panarin.
9:40 of 3rd period - Goal by Artemi Panarin - Lightning : 3 - Maple Leafs : 2.
9:41 of 3rd period - Robert Nilsson wins face-off versus Jordan Staal in neutral zone.
9:52 of 3rd period - Snap shot by Robert Nilsson.
9:52 of 3rd period - Stopped by Marc-André Fleury with a rebound.
10:35 of 3rd period - Snap shot by Alex Killorn.
10:35 of 3rd period - Shot Misses the Net.
10:37 of 3rd period - Slapshot by Braydon Coburn.
10:37 of 3rd period - Stopped by Jaroslav Halak with a rebound.
10:39 of 3rd period - Snap shot by Alex Killorn.
10:39 of 3rd period - Stopped by Jaroslav Halak with a rebound.
10:55 of 3rd period - Slapshot by Kurt Sauer.
10:55 of 3rd period - Shot Blocked by John Klingberg.
10:57 of 3rd period - Snap shot by Mikael Backlund.
10:57 of 3rd period - Shot Blocked by Jeremy Morin.
10:59 of 3rd period - Snap shot by Mikael Backlund.
10:59 of 3rd period - Deflect By Steve Bernier.
10:59 of 3rd period - Lightning goal is going for a video replay.
10:59 of 3rd period - The goal is refused. The puck has entered the net after making contact with an attacking player’s stick that is above the height of the crossbar..
11:00 of 3rd period - Mikael Backlund wins face-off versus Jordan Staal in Maple Leafs zone.
11:16 of 3rd period - Slapshot by Mikael Backlund.
11:16 of 3rd period - Stopped by Marc-André Fleury without a rebound.
11:17 of 3rd period - Robert Nilsson wins face-off versus Gilbert Brule in Maple Leafs zone.
11:18 of 3rd period - Snap shot by Kris Versteeg.
11:18 of 3rd period - Shot Blocked by Marc-Édouard Vlasic.
11:44 of 3rd period - Marc-Édouard Vlasic is hit by Jordan Nolan and loses puck.
11:53 of 3rd period - Slapshot by John Carlson.
11:53 of 3rd period - Shot Blocked by Braydon Coburn.
12:24 of 3rd period - Off-side.
12:25 of 3rd period - Jan Bulis wins face-off versus Zac Dalpe in neutral zone.
12:28 of 3rd period - Slapshot by John Carlson.
12:28 of 3rd period - Stopped by Marc-André Fleury without a rebound.
12:29 of 3rd period - Jan Bulis wins face-off versus Zac Dalpe in Maple Leafs zone.
12:29 of 3rd period - Jan Bulis is hit by Marc-Édouard Vlasic.
12:31 of 3rd period - Wrist shot by John Carlson.
12:31 of 3rd period - Shot Blocked by John Klingberg.
12:33 of 3rd period - Wrist shot by Pierre-Luc Létourneau.
12:33 of 3rd period - Shot Blocked by John Klingberg.
12:35 of 3rd period - Slapshot by Sheldon Keefe.
12:35 of 3rd period - Shot Blocked by Marc-Édouard Vlasic.
12:37 of 3rd period - Slapshot by Jeff Schultz.
12:37 of 3rd period - Shot Misses the Net.
12:39 of 3rd period - Slapshot by Sheldon Keefe.
12:39 of 3rd period - Stopped by Marc-André Fleury with a rebound.
12:43 of 3rd period - Slapshot by John Carlson.
12:43 of 3rd period - Deflect By Marc-Édouard Vlasic.
12:43 of 3rd period - Goal by John Carlson - Lightning : 4 - Maple Leafs : 2.
12:44 of 3rd period - Kris Versteeg wins face-off versus Jordan Staal in neutral zone.
12:56 of 3rd period - Minor Penalty to Artemi Panarin for Interference.
12:57 of 3rd period - Claude Giroux wins face-off versus Robert Nilsson in Maple Leafs zone.
13:13 of 3rd period - Snap shot by Kris Versteeg.
13:13 of 3rd period - Stopped by Marc-André Fleury without a rebound.
13:14 of 3rd period - Claude Giroux wins face-off versus Robert Nilsson in Maple Leafs zone.
14:23 of 3rd period - Blake Comeau is hit by Kris Versteeg and loses puck.
14:56 of 3rd period - Penalty to Artemi Panarin is over, Artemi Panarin is back on ice.
15:04 of 3rd period - Snap shot by Eric Nystrom.
15:04 of 3rd period - Shot Misses the Net.
16:10 of 3rd period - John Klingberg is hit by Mikael Backlund and loses puck.
17:17 of 3rd period - Off-side.
17:18 of 3rd period - Jordan Staal wins face-off versus Jordan Nolan in neutral zone.
17:36 of 3rd period - Icing by Jeff Schultz.
17:37 of 3rd period - Jan Bulis wins face-off versus Mark Scheifele in Lightning zone.
17:37 of 3rd period - Pierre-Luc Létourneau is hit by Mark Scheifele and loses puck.
17:46 of 3rd period - Braydon Coburn is hit by Pierre-Luc Létourneau and loses puck.
17:53 of 3rd period - Wrist shot by Sheldon Keefe.
17:53 of 3rd period - Shot Misses the Net.
17:55 of 3rd period - Slapshot by Jeff Schultz.
17:55 of 3rd period - Deflect By Tobias Enstrom.
17:55 of 3rd period - Stopped by Marc-André Fleury with a rebound.
17:57 of 3rd period - Slapshot by Jeff Schultz.
17:57 of 3rd period - Deflect By Sheldon Keefe.
17:57 of 3rd period - Shot Blocked by Tobias Enstrom.
17:57 of 3rd period - Puck is out of play.
17:58 of 3rd period - Mikael Backlund wins face-off versus Jordan Staal in Maple Leafs zone.
17:59 of 3rd period - Wrist shot by Steve Bernier.
17:59 of 3rd period - Shot Misses the Net.
18:01 of 3rd period - Slapshot by Daniel Carcillo.
18:01 of 3rd period - Shot Blocked by Claude Giroux.
18:05 of 3rd period - Wrist shot by Daniel Carcillo.
18:05 of 3rd period - Shot Blocked by Marc-Édouard Vlasic.
18:57 of 3rd period - Icing by Ben Smith.
18:58 of 3rd period - Gilbert Brule wins face-off versus Mikael Backlund in Maple Leafs zone.
Goals for this period are 3 for Lightning vs 2 for Maple Leafs.
Shots for this period are 15 for Lightning vs 6 for Maple Leafs.
Back to the Top